 Dungeon Crawl Stone Soup version 0.17-a0-963-gaa5423c (webtiles) character file.

439 oplop the Firebug (level 7, -5/40 HPs)
             Began as a Tengu Fire Elementalist on May 8, 2015.
             Was a Follower of Cheibriados.
             Shot with an arrow by a centaur (12 damage)
             ... on level 5 of the Dungeon.
             The game lasted 00:10:02 (4508 turns).

oplop the Firebug (Tengu Fire Elementalist)         Turns: 4508, Time: 00:10:02

Health: -5/40      AC: -3    Str: 10    XL:     7   Next: 1%
Magic:  9/12       EV: 14    Int: 19    God:    Cheibriados [*.....]
Gold:   18         SH:  0    Dex: 20    Spells: 3 memorised, 4 levels left

rFire  . . .     SeeInvis .     w - +5 rapier of Nerot {pierce, -Tele Dex+3}
rCold  . . .     Clarity  .     a - +0 robe
rNeg   . . .     SustAb   .     (no shield)
rPois  .         Gourm    .     (helmet restricted)
rElec  .         Spirit   .     (no cloak)
rCorr  .         Warding  .     (no gloves)
rMut   .         NoTele   +     (boots unavailable)
MR     .....                    (no amulet)
Stlth  ++........               (no ring)
                                (no ring)

@: corroded equipment, very slow, not resistant to hostile enchantments,
unstealthy
A: beak, talons 3, able to fly 1
a: Fly, Bend Time, Renounce Religion


You were on level 5 of the Dungeon.
You worshipped Cheibriados.
Cheibriados was aware of your devotion.
You were not hungry.

You visited 2 branches of the dungeon, and saw 6 of its levels.

You collected 198 gold pieces.
You spent 180 gold pieces at shops.

Inventory:

Hand weapons
 f - a +0 mace
 n - a +2 dagger of protection
 r - a +2 whip of venom
 w - the +5 rapier of Nerot (weapon) {pierce, -Tele Dex+3}
   (You bought it in a shop on level 5 of the Dungeon)

   It inflicts extra damage upon your enemies.
   It affects your dexterity (+3).
   It prevents most forms of teleportation.
Armour
 a - a +0 robe (worn)
Magical devices
 p - a wand of enslavement (4)
 v - a wand of frost (28)
 y - a wand of random effects (39)
Scrolls
 d - 2 scrolls of recharging {unknown}
 e - 2 scrolls of teleportation {unknown}
 g - 7 scrolls of identify {unknown}
 i - 2 scrolls of magic mapping {unknown}
 j - 2 scrolls of remove curse {unknown}
 k - a scroll of amnesia {unknown}
 s - 2 scrolls of noise {unknown}
 t - a scroll of random uselessness {unknown}
 u - 2 scrolls of enchant weapon {unknown}
Potions
 m - a potion of flight {unknown}
 o - a potion of poison {unknown}
 q - a potion of curing {unknown}
 x - a potion of degeneration {unknown}
Books
 b - a book of Flames

   Spells                             Type                      Level
   a - Flame Tongue                   Conjuration/Fire             1
   b - Throw Flame                    Conjuration/Fire             2
   c - Conjure Flame                  Conjuration/Fire             3
   d - Inner Flame                    Hexes/Fire                   3
   e - Sticky Flame                   Conjuration/Fire             4
   f - Fireball                       Conjuration/Fire             5
Comestibles
 c - 3 bread rations
 h - 2 beef jerkies
 l - a fruit


   Skills:
 - Level 2.3 Fighting
 - Level 3.3 Dodging
 - Level 2.0 Stealth
 + Level 2.9 Spellcasting
 * Level 4.8 Conjurations
 * Level 5.4 Fire Magic
 + Level 0.6 Invocations


You had 4 spell levels left.
You knew the following spells:

 Your Spells              Type           Power        Failure   Level  Hunger
a - Flame Tongue          Conj/Fire      ###..        1%          1    None
b - Conjure Flame         Conj/Fire      ###.....     8%          3    ###....
c - Inner Flame           Hex/Fire       ##......     17%         3    ###....


Dungeon Overview and Level Annotations

Branches:
Dungeon (5/15)             Temple (1/1) D:4

Altars:
Ashenzari
Cheibriados
Elyvilon
Fedhas
Kikubaaqudgha
Makhleb
Nemelex Xobeh
Okawaru
Qazlal
Ru
Sif Muna
Trog
Xom
Yredelemnul
Zin
The Shining One

Shops:
D:5 (

Annotations:
D:2 Robin


Innate Abilities, Weirdness & Mutations

You have a beak for a mouth.
You have claws for feet.
You can fly.


Message History

You are too injured to fight recklessly!
Casting: Flame Tongue
Confirm with . or Enter, or press ? or * to list all spells.
Aiming: Flame Tongue
Press: ? - help, Shift-Dir - straight line, f - jelly
Aim: a jelly (severely wounded)
The flame tongue hits the jelly.
The jelly is almost dead.
The jelly completely misses you.
Casting: Flame Tongue
Confirm with . or Enter, or press ? or * to list all spells.
Aiming: Flame Tongue
Press: ? - help, Shift-Dir - straight line, f/p - jelly
Aim: a jelly (almost dead)
The flame tongue hits the jelly.
You kill the jelly!
Cheibriados appreciates the change of pace.
You have reached level 7!
The centaur wields a shortbow.
The centaur shoots an arrow.
The arrow hits you!
You die...

...#......# #.....#
##.#......# #.(...#
.8.##'##### ##.....##
.+.....# #.......#
.8.....# #.......#
.#.....# #.......#
.#.....# ####.####
.#.....# #.# .#.....#
#@# .#.....# #.#
.#.##.##########c.
.#.................
§#.##...............
§#.##..#########.####
§#.##..# #.#
.#.##..####### #.#
§#.##........# #.#


You could see a centaur.

Vanquished Creatures
  An ogre (D:3)
  A crimson imp (D:3)
  A jelly (D:5)
  3 worker ants
  8 adders
  An ooze (D:2)
  5 worms
  3 giant geckos
  10 orcs
  A bat skeleton (D:4)
  A bat zombie (D:5)
  5 giant cockroaches
  10 goblins
  18 hobgoblins
  13 jackals
  6 kobolds
  A ball python (D:2)
  10 bats
  2 giant newts (D:1)
  A quokka (D:3)
  14 rats
115 creatures vanquished.

Notes
Turn   | Place    | Note
--------------------------------------------------------------
     0 | D:1      | oplop, the Tengu Fire Elementalist, began the quest for the Orb.
     0 | D:1      | Reached XP level 1. HP: 10/10 MP: 4/4
    87 | D:1      | Reached XP level 2. HP: 13/15 MP: 1/6
   916 | D:1      | Reached XP level 3. HP: 15/19 MP: 4/7
  1397 | D:2      | Reached skill level 1 in Fighting
  1484 | D:2      | Reached skill level 4 in Fire Magic
  1664 | D:2      | Noticed Robin
  1689 | D:1      | Reached XP level 4. HP: 2/25 MP: 3/8
  2572 | D:3      | Learned a level 3 spell: Conjure Flame
  2576 | D:3      | Learned a level 3 spell: Inner Flame
  2646 | D:3      | Noticed an ogre
  2745 | D:3      | Killed an ogre
  2745 | D:3      | Gained mutation: You can fly. [Tengu growth]
  2745 | D:3      | Reached XP level 5. HP: 28/30 MP: 0/9
  3130 | D:3      | Reached XP level 6. HP: 26/35 MP: 7/10
  3392 | D:3      | Reached skill level 5 in Fire Magic
  3542 | D:4      | Found a sacrificial altar of Ru.
  3553 | D:4      | Found a staircase to the Ecumenical Temple.
  3571 | Temple   | Entered the Ecumenical Temple
  3820 | Temple   | Became a worshipper of Cheibriados the Contemplative
  3956 | D:4      | Found a bloodstained altar of Trog.
  4147 | D:4      | Found a stormy altar of Qazlal.
  4245 | D:4      | Acquired Cheibriados's first power
  4307 | D:5      | Entered Level 5 of the Dungeon
  4307 | D:5      | Found Torphih's Antique Weapon Emporium.
  4313 | D:5      | Bought a fine rapier for 180 gold pieces
  4313 | D:5      | Identified the +5 rapier of Nerot {pierce, -Tele Dex+3} (You bought it in a shop on level 5 of the Dungeon)
  4404 | D:5      | Found a glowing golden altar of the Shining One.
  4508 | D:5      | Reached XP level 7. HP: 7/40 MP: 9/12
  4508 | D:5      | Shot with an arrow by a centaur

Action                   |  1- 3 |  4- 6 |  7- 9 || total
-------------------------+-------+-------+-------++-------
Melee: Mace              |    38 |    23 |       ||    61
       Dagger            |       |    60 |       ||    60
       Whip              |       |    15 |       ||    15
       Rapier            |       |    10 |       ||    10
 Cast: Flame Tongue      |    48 |    99 |     1 ||   148
       Conjure Flame     |       |     1 |       ||     1
 Stab: Sleeping          |     1 |     3 |       ||     4
  Eat: Chunk             |     1 |     4 |       ||     5
       Meat ration       |     1 |     1 |       ||     2
